 Dungeon Crawl Stone Soup version 0.26.1-11-gd32895ea62 (webtiles) character file.

Game seed: 10845381332440843520

79 Almogavar the Conjurer (level 4, 0/24 HPs)
             Began as a Kobold Conjurer on June 26, 2021.
             Slain by Purgy (2 damage)
             ... on level 3 of the Dungeon on June 27, 2021.
             The game lasted 00:07:08 (2909 turns).

Almogavar the Conjurer (Kobold Conjurer)            Turns: 2909, Time: 00:07:09

Health: 0/24       AC:  3    Str:  4    XL:     4   Next: 64%
Magic:  1/8        EV: 15    Int: 20    God:
Gold:   101        SH:  0    Dex: 13    Spells: 6/9 levels left

rFire    . . .     SeeInvis .   h - +4 dagger (holy)
rCold    . . .     Faith    .   (shield restricted)
rNeg     . . .     Spirit   .   a - +0 robe
rPois    .         Reflect  .   (no helmet)
rElec    .         Harm     .   (no cloak)
rCorr    .         Rampage  .   s - +0 pair of gloves
Will     .....                  (no boots)
Stlth    +++.......             (no amulet)
HPRegen  0.08/turn              (no ring)
MPRegen  0.11/turn              (no ring)

@: no status effects
A: small, nightstalker 3
a: no special abilities


You were on level 3 of the Dungeon.
You visited 1 branch of the dungeon, and saw 3 of its levels.

You collected 101 gold pieces.

Inventory:

Hand Weapons
 h - a +4 dagger of holy wrath (weapon)
Armour
 a - a +0 robe (worn)
 s - a +0 pair of gloves (worn)
Wands
 p - a wand of iceblast (8)
Scrolls
 d - 3 scrolls of teleportation {unknown}
 e - a scroll of immolation {unknown}
 g - 2 scrolls of identify {unknown}
 i - a scroll of remove curse {unknown}
 k - 2 scrolls of magic mapping {unknown}
 l - a scroll of amnesia {unknown}
 m - 2 scrolls of random uselessness
 o - a scroll of fog {unknown}
Potions
 b - 2 potions of curing {unknown}
 c - a potion of magic {unknown}
 f - 3 potions of lignification {unknown}
 j - a potion of heal wounds {unknown}
 n - a potion of flight {unknown}
 q - a potion of attraction {unknown}
 r - a potion of resistance {unknown}


   Skills:
 + Level 0.3 Short Blades
 + Level 2.5 Dodging
 + Level 3.4 Stealth
 + Level 3.0 Spellcasting
 + Level 5.0 Conjurations


You had 6 spell levels left.
You knew the following spells:

 Your Spells              Type           Power        Failure   Level
a - Magic Dart            Conj           92%          1%          1
b - Searing Ray           Conj           46%          2%          2

Your spell library contained the following spells:

 Spells                   Type           Power        Failure   Level
 Dazzling Flash           Conj/Hex       26%          16%         3
 Fulminant Prism          Conj/Hex       6%           45%         4
 Iskenderun's Mystic Bla  Conj/Tloc      13%          45%         4


Dungeon Overview and Level Annotations

Branches:
Dungeon (3/15)

Altars:

Annotations:
D:3 Purgy


Innate Abilities, Weirdness & Mutations

You are small and have problems with some larger weapons.
You are completely attuned to the shadows.


Message History

Purgy bites you but does no damage. Purgy claws you. x2
Your magical contamination has completely faded away.
Purgy hisses menacingly.
Purgy closely misses you. x2; Purgy misses you.
Casting: Searing Ray (safe; 2% risk of failure)
Confirm with . or Enter, or press ? or * to list all spells.
Aiming: Searing Ray (safe; 2% risk of failure)
Press: ? - help, Shift-Dir - straight line, f/p - Purgy
Aim: Purgy (28% to evade)
The searing ray hits Purgy.
Purgy is lightly wounded. (Press . to maintain the ray.) Purgy barely misses you.
Purgy claws you. Purgy claws you but does no damage.
The searing ray hits Purgy!
Purgy is moderately wounded.
Purgy bites you. Purgy barely misses you. Purgy claws you.
The searing ray misses Purgy.
Purgy bites you.
* * * LOW HITPOINT WARNING * * *
Purgy claws you.
You die...

####.##### #.#
#..#.#.......... .........#
#.# #..#...#########
####.###.# #.# #..#...# #.#
#.####.####..#...#### #.#
#.##..†............[#### #.#
#.##.#.................#
#.###.##.######.........##.###
#........#######.#...#####....
########.......T@..#....#
##### #.## #..#########.#...#
#... .#.## #..#
########.#######.##
###.####..# #..............#.#
# ##......# #.########.###.#.#
###.#####.# #.# #.###.#.##
.#.## #.#####.# #.........
#.## #.......# #........# #.#
######### #.........


You could see Purgy.

Vanquished Creatures
  4 adders
  2 worms (D:2)
  A dart slug (D:1)
  A leopard gecko (D:2)
  3 bats
  2 giant cockroaches
  3 goblins
  5 hobgoblins
  3 frilled lizards
  6 kobolds (D:1)
  8 rats
38 creatures vanquished.

Notes
Turn   | Place    | Note
-------+----------+-------------------------------------------
     0 | D:1      | Almogavar the Kobold Conjurer began the quest for the Orb.
     0 | D:1      | Reached XP level 1. HP: 10/10 MP: 3/3
   219 | D:1      | Reached XP level 2. HP: 15/15 MP: 1/5
   584 | D:1      | Learned a level 2 spell: Searing Ray
   994 | D:1      | Reached XP level 3. HP: 18/19 MP: 3/6
  1995 | D:2      | Reached XP level 4. HP: 24/24 MP: 2/8
  2104 | D:2      | Reached skill level 5 in Conjurations
  2869 | D:3      | Noticed Purgy
  2909 | D:3      | Slain by Purgy

Illustrated notes

Levels and vault maps discovered:
D:1:      scummos_arrival_star, layout_basic
D:2:      layout_basic, minivault_26
D:3:      layout_loops_ring, lemuel_round_altar,
          chequers_temple_overflow_minitemple, uniq_purgy

Skill      XL: |  1  2  3  4 |
---------------+-------------+-----
Stealth        | 3 |  3.4
Conjurations   | 5 |  5.0
Spellcasting   | 3 |  3.0
Short Blades   | |  0.3
Dodging        | |  2.5

Action                   |  1- 3 |  4- 6 || total
-------------------------+-------+-------++-------
Melee: Dagger            |    17 |     2 ||    19
 Cast: Magic Dart        |    25 |     2 ||    27
       Searing Ray       |     8 |     9 ||    17
  Use: Scroll            |       |     1 ||     1
 Stab: Sleeping          |     5 |       ||     5
Armor: Robe              |     4 |     5 ||     9
Dodge: Dodged            |    11 |    14 ||    25
